 Dungeon Crawl Stone Soup version 0.31-a0-986-g5e6e4ef867 (webtiles) character file.

Game seed: 1609199214538899028

37 FakeRyeBread the Covered (level 3, -1/23 HPs)
             Began as a Gargoyle Fighter on Nov 8, 2023.
             Slain by a goblin
             ... wielding a +0 club
             ... led by Robin
              (3 damage)
             ... on level 2 of the Dungeon.
             The game lasted 00:01:53 (1075 turns).

FakeRyeBread the Covered (Gargoyle Fighter)         Turns: 1075, Time: 00:01:54

Health: -1/23      AC: 10    Str: 21    XL:     3   Next: 41%
Magic:  3/3        EV:  9    Int:  8    God:
Gold:   107        SH:  4    Dex:  9    Spells: 2/2 levels left

rFire   . . .        a - +0 flail
rCold   . . .        c - +0 buckler
rNeg    + . .        b - +0 scale mail
rPois   ∞            (no helmet)
rElec   +            (no cloak)
rCorr   .            (no gloves)
SInv    .            (no boots)
Will    .....        (no amulet) Stlth
                     (no ring)
HPRegen 0.23/turn    (no ring)
MPRegen 0.08/turn

%: no passive effects
@: no status effects
A: sickness immunity, AC +3, negative energy resistance 1, electricity
resistance, torment resistance 1, petrification resistance
a: no special abilities


You were on level 2 of the Dungeon.
You visited 1 branch of the dungeon, and saw 2 of its levels.

You collected 107 gold pieces.

Inventory:

Hand Weapons
 a - a +0 flail (weapon)
Armour
 b - a +0 scale mail (worn)
 c - a +0 buckler (worn)
Scrolls
 e - 3 scrolls of identify {unknown}
 f - 2 scrolls of fog {unknown}
 h - a scroll of summoning {unknown}
 i - a scroll of noise {unknown}
 j - a scroll of blinking {unknown}
 l - a scroll of teleportation {unknown}
Potions
 d - a potion of might
 g - a potion of curing {unknown}
 k - a potion of lignification {unknown}


   Skills:
 + Level 3.6 Fighting
 * Level 2.7 Maces & Flails
 + Level 3.6 Armour
 + Level 3.6 Shields


You had 2 spell levels left.
You didn't know any spells.
Your spell library was empty.

Dungeon Overview and Level Annotations

Branches:
Dungeon (2/15)

Altars:

Annotations:
D:2 Robin


Innate Abilities, Weirdness & Mutations

You are immune to sickness and miasma.
Your stone body is resilient. (AC +3)
You are immune to poison.
You resist negative energy. (rN+)
You are resistant to electric shocks. (rElec)
You are resistant to unholy torment.
You are immune to petrification.


Message History

You hit the worm.
The worm is almost dead.
The worm closely misses you.
You hit the worm.
You kill the worm!
No target in view!
Robin and 3 goblins come into view.
Robin is wielding a +1 heavy mace.
Robin shouts!
The goblin shouts! x2; You hear a shout!
You hit the goblin.
You kill the goblin!
A goblin comes into view. It is wielding a +0 dagger.
The goblin shouts!
The goblin hits you with a +0 club.
A goblin comes into view. It is wielding a +0 club.
You see here a +0 club.
You barely miss the goblin.
The goblin shouts!
Robin roars a battlecry!
The goblins go into a battle-frenzy!
The goblin barely misses you. x2
You closely miss the goblin. The goblin barely misses you.
You barely miss the goblin. The goblin hits you with a +0 club.
You hit the goblin.
The goblin is heavily wounded.
Robin throws the goblin at you! The goblin hits you with a +0 club.
The goblin hits you but does no damage. x2; The goblin barely misses you.
You closely miss the goblin.
The goblin is heavily wounded.
Robin throws the goblin at you! The goblin hits you with a +0 club.
The goblin hits you but does no damage. The goblin barely misses you.
You closely miss the goblin.
The goblin is heavily wounded.
Robin points. "Kill!"
The goblin closely misses you. The goblin hits you with a +0 club.
The goblin hits you with a +0 dagger.
* * * LOW HITPOINT WARNING * * *
You barely miss the goblin.
The goblin is heavily wounded.
The goblin hits you with a +0 club.
You die...

.#...#.#######..#
.#...#.# #..#
.#...#.# #..#
.#####.# #..#
.......# #..#
##############..#
........#
#######g####.#
#g@ggg.# ########


You could see Robin and 4 goblins.

Vanquished Creatures
  2 worms (D:2)
  A dart slug (D:2)
  2 ball pythons
  2 endoplasms (D:1)
  A giant cockroach (D:1)
  4 goblins
  2 hobgoblins (D:1)
  3 jackals (D:1)
  A quokka (D:1)
  7 bats
  A frilled lizard (D:2)
  A kobold (D:1)
  3 rats (D:2)
30 creatures vanquished.

Notes
Turn   | Place    | Note
-------+----------+-------------------------------------------
     0 | D:1      | FakeRyeBread the Gargoyle Fighter began the quest for the
                  | Orb.
     0 | D:1      | Reached XP level 1. HP: 14/14 MP: 1/1
    94 | D:1      | Reached XP level 2. HP: 16/19 MP: 2/2
   875 | D:2      | Reached XP level 3. HP: 23/23 MP: 3/3
  1066 | D:2      | Noticed Robin
  1075 | D:2      | Slain by a goblin

Illustrated notes

Levels and vault maps discovered:
D:1:      matt_arrival_diagonals, layout_loops_ring
D:2:      layout_basic, uniq_jessica, uniq_terence, uniq_robin,
          uniq_crazy_yiuf_cottage

Action                     || total
---------------------------++-------
  Melee: Flail             ||   142
 Armour: Scale mail        ||   116
  Dodge: Dodged            ||    90
  Block: Buckler           ||    40

Table legend: (Time is in decaauts)
 A = Elapsed time spent in this place.
 B = Non-inter-level travel time spent in this place.
 C = Inter-level travel time spent in this place.
 D = Time resting spent in this place.
 E = Time spent auto-exploring this place.
 F = Levels seen in this place.
 G = Mean time per level.
                   A        B        C        D        E       F      G
               +--------+--------+--------+--------+--------+-----+--------+
         Total |   1117 |   1066 |     51 |      0 |    761 |   2 |  558.5 |
       Dungeon |   1117 |   1066 |     51 |      0 |    761 |   2 |  558.5 |
               +--------+--------+--------+--------+--------+-----+--------+

Top non-repeatable levels by time:
     D:1: 830 daAuts
     D:2: 287 daAuts
